 Dungeon Crawl Stone Soup version 0.30-a0-269-gf0224bf7b6 (webtiles) character file.

Game seed: 16604438087424247056

38 Sobieck the Ruffian (level 3, 0/37 HPs)
             Began as an Ogre Transmuter on Oct 14, 2022.
             Frozen to death by an endoplasm (2 damage)
             ... on level 1 of the Dungeon.
             The game lasted 00:03:15 (1033 turns).

Sobieck the Ruffian (Ogre Transmuter)               Turns: 1033, Time: 00:03:16

Health: 0/37       AC:  3    Str: 14    XL:     3   Next: 43%
Magic:  6/6        EV: 10    Int: 16    God:
Gold:   36         SH:  0    Dex: 15    Spells: 5/6 levels left

rFire   . . .      SeeInvis .      - Unarmed
rCold   + . .      Faith    .    (no shield)
rNeg    . . .      Spirit   .    a - +0 robe
rPois   .          Reflect  .    (helmet currently unavailable)
rElec   .          Harm     .    (no cloak)
rCorr   .          Rampage  .    (gloves unavailable)
Will    .....                    (boots unavailable)
Stlth   +.........               (no amulet)
HPRegen 0.26/turn                n - ring of protection from cold
MPRegen 0.10/turn                o - +6 ring of dexterity

@: appendages (expiring)
A: horns 2, talons 2, large, unfitting armour, tough skin 1
a: End Transformation


You were on level 1 of the Dungeon.
You had temporarily grown beastly horns and talons.
You visited 1 branch of the dungeon, and saw 2 of its levels.

You collected 36 gold pieces.


Innate Abilities, Weirdness & Mutations

You have temporarily grown beastly horns and talons.
You are too large for most types of armour.
You have tough skin. (AC +1)


   Skills:
 - Level 3.0 Fighting
 - Level 1.7 Dodging
 + Level 3.3 Unarmed Combat
 - Level 2.4 Spellcasting
 - Level 2.0 Transmutations


You had 5 spell levels left.
You knew the following spells:

 Your Spells              Type           Power      Damage    Failure   Level
a - Beastly Appendage     Tmut           16%        N/A       9%          1

Your spell library contained the following spells:

 Spells                   Type           Power      Damage    Failure   Level
 Wereblood                Tmut           8%         N/A       13%         2
 Spider Form              Tmut/Pois      5%         N/A       36%         3
 Ice Form                 Ice/Tmut       5%         N/A       78%         4
 Summon Lightning Spire   Summ/Air       1%         N/A       89%         4
 Storm Form               Tmut/Air       2%         N/A       100%        7
 Maxwell's Capacitive Co  Air            0%         ∞         100%        8

Inventory:

Hand Weapons
 d - a +0 dagger {short}
   (You took it off a goblin on level 1 of the Dungeon)
 f - a +0 dagger {short}
   (You took it off a kobold on level 1 of the Dungeon)
 m - a +0 club {mace}
   (You took it off a kobold on level 1 of the Dungeon)
Missiles
 j - 12 stones {throwing}
Armour
 a - a +0 robe (worn)
 l - a +0 cloak
   (You found it on level 1 of the Dungeon)
 q - a +0 robe
   (You found it on level 1 of the Dungeon)
Jewellery
 n - a ring of protection from cold (left hand)
   (You found it on level 1 of the Dungeon)
 o - a +6 ring of dexterity (right hand)
   (You found it on level 1 of the Dungeon)
 p - an amulet of regeneration {@e2}
   (You found it on level 1 of the Dungeon)
Scrolls
 e - a scroll of fear {unknown}
 g - a scroll of teleportation {unknown}
 h - a scroll of fog {unknown}
 i - 2 scrolls of identify {unknown}
 k - a scroll of silence {unknown}
Potions
 b - a potion of lignification {!q}
 c - 2 potions of heal wounds {unknown}

Dungeon Overview and Level Annotations

Branches:
Dungeon (2/15) Zot: 10970

Altars:

Annotations:
D:1 Natasha

.........#..######..#
.........##..# #..##
.........###.####.##
.........'........#
.........###..#####
.........# ##.#
###.###### #.### #.#
#...##### #.#
#...@J..###### ###.#
##.#h##.#....# ....#
#...##.#.##.# #####
######.#..#.#
#.####.# #......#
########


You could see Natasha and an endoplasm.


Message History

Unknown command.
You see here a +0 club {mace}.
Your horns disappear.
Your talons disappear.
Done exploring.
Unknown command.
Done exploring.
(D) Dungeon
Where to? (? - help)
There is a stone staircase leading down here.
You climb downwards.
The gnoll shouts! x4; The kobold shouts!
You hear a shout!
Found a ring mail.
Found a stone staircase leading up and two stone staircases leading down.
There is a stone staircase leading up here.
There are monsters nearby!
Danger!
Unknown command.
Unknown command.
The gnoll hits you with a +0 club.
You climb upwards.
There is a stone staircase leading down here.
Unknown command.
Unknown command.
You grow a pair of large bovine horns.
Your feet morph into talons.
The gnoll hits you with a +0 club.
Unknown command.
Unknown command.
You barely miss the gnoll. You punch the gnoll.
You hit the gnoll but do no damage. Your headbutt misses the gnoll.
The gnoll hits you with a +0 club.
You hit the gnoll but do no damage. You claw the gnoll.
You headbutt the gnoll, but do no damage.
The gnoll hits you with a +0 club.
You hit the gnoll. You claw the gnoll, but do no damage.
The gnoll hits you with a +0 club.
You hit the gnoll.
You kill the gnoll!
Training target 3.0 for Fighting reached!
Your Fighting skill increases to level 3!
Unknown command.
Unknown command.
Your transformation is almost over.
Your horns disappear.
Your talons disappear.
There is a stone staircase leading down here.
Unknown command.
There is an open door here.
There is a stone staircase leading down here.
Unknown command.
Unknown command.
Unknown command.
You climb downwards.
Natasha hisses angrily.
The endoplasm quivers.
Natasha barely misses you.
There is a stone staircase leading up here.
Danger!
Unknown command.
Unknown command.
You grow a pair of large bovine horns.
Your feet morph into talons.
Natasha claws you.
Unknown command.
The endoplasm hits you but does no damage.
Natasha wildly gestures.
You feel disoriented. Natasha claws you but does no damage.
You climb upwards.
There is a stone staircase leading down here.
Unknown command.
Unknown command.
You hit Natasha. Your kick misses Natasha. The endoplasm freezes you.
You are frozen.
You resist.
You barely miss Natasha. Natasha claws you. The endoplasm closely misses you.
You hit Natasha. You claw Natasha. You headbutt Natasha, but do no damage.
Your transformation is almost over.
Natasha casts a spell at you. The magic dart hits you!
The endoplasm freezes you.
You are frozen.
You resist.
You hit Natasha but do no damage. Your headbutt misses Natasha.
Natasha barely misses you. The endoplasm hits you.
You hit Natasha. You claw Natasha, but do no damage.
Your headbutt misses Natasha. Natasha claws you.
* * * LOW HITPOINT WARNING * * *
The endoplasm freezes you.
You are frozen.
You resist.
* * * LOW HITPOINT WARNING * * *
Unknown command.
You completely miss Natasha. Natasha claws you!
* * * LOW HITPOINT WARNING * * *
The endoplasm freezes you.
You are frozen.
You resist.
* * * LOW HITPOINT WARNING * * *
You hit Natasha. Natasha barely misses you. The endoplasm hits you.
* * * LOW HITPOINT WARNING * * *
Unknown command.
You hit Natasha but do no damage. Natasha claws you.
* * * LOW HITPOINT WARNING * * *
The endoplasm freezes you.
You are frozen.
You resist.
You die...

Skill      XL: |  1  2  3 |
---------------+----------+-----
Transmutations | 2 |  2.0
Fighting       | 2 3 |  3.0
Unarmed Combat | 3 |  3.3
Dodging        | |  1.7
Spellcasting   | |  2.4

Action                   || total
-------------------------++-------
Melee: Unarmed           ||   101
       Kick              ||    18
       Headbutt          ||    11
       Punch             ||     2
 Cast: Beastly Appendage ||    24
Armor: Robe              ||    34
Dodge: Dodged            ||    37

Levels and vault maps discovered:
D:1:      dpeg_arrival_subterranean_lakeside_camping, layout_basic,
          serial_glass, glass_columns_a, glass_columns_a, glass_columns_a,
          glass_columns_c, glass_columns_a
D:2:      layout_rooms, uniq_natasha

Notes
Turn   | Place    | Note
-------+----------+-------------------------------------------
     0 | D:1      | Sobieck the Ogre Transmuter began the quest for the Orb.
     0 | D:1      | Reached XP level 1. HP: 19/19 MP: 3/3
   128 | D:1      | Reached skill level 2 in Transmutations
   131 | D:1      | Reached skill level 2 in Fighting
   131 | D:1      | Reached XP level 2. HP: 18/28 MP: 5/5
   178 | D:1      | You pick up a book of the Sky and begin reading...
   178 | D:1      | You add the spells Summon Lightning Spire, Storm Form and
                  | Maxwell's Capacitive Coupling to your library.
   342 | D:1      | Reached skill level 3 in Unarmed Combat
   591 | D:1      | Reached XP level 3. HP: 30/36 MP: 4/6
   958 | D:1      | Reached skill level 3 in Fighting
  1022 | D:2      | Noticed Natasha
  1031 | D:1      | HP: 8/37 [Natasha (8)]
  1033 | D:1      | HP: 2/37 [Natasha (2)]
  1033 | D:1      | Frozen to death by an endoplasm

Vanquished Creatures
  A gnoll (D:1)
  2 bats (D:1)
  2 endoplasms (D:1)
  A giant cockroach (D:1)
  4 goblins (D:1)
  3 hobgoblins (D:1)
  3 quokkas (D:1)
  2 ball pythons (D:1)
  4 kobolds (D:1)
  3 rats (D:1)
25 creatures vanquished.

Table legend:
 A = Non-vault XP
 B = Vault XP
 C = Vault XP percentage of total XP
 D = Non-vault monster count
 E = Vault monster count
 F = Vault count percentage of total count
                 A         B        C        D         E       F
            +---------+---------+-------+---------+---------+-------
      Total |      46 |       9 |  16.4 |      19 |       6 |  24.0
            +---------+---------+-------+---------+---------+-------
        D:1 |      46 |       9 |  16.4 |      19 |       6 |  24.0
            +---------+---------+-------+---------+---------+-------

Illustrated notes

Table legend:
 A = Kills in this place as a percentage of kills in entire the game.
 B = Kills by you in this place as a percentage of kills by you in the entire game.
 C = Kills by friends in this place as a percentage of kills by friends in the entire game.
 D = Other kills in this place as a percentage of other kills in the entire game.
 E = Experience gained in this place as a percentage of experience gained in the entire game.
 F = Experience gained in this place divided by the number of levels of this place that you have seen.
                   A       B       C       D       E      F
               +-------+-------+-------+-------+-------+----------------------
         Total | 100.0 | 100.0 |   N/A |   N/A | 100.0 |  27.5
       Dungeon | 100.0 | 100.0 |   N/A |   N/A | 100.0 |  27.5
               +-------+-------+-------+-------+-------+----------------------

Table legend: (Time is in decaauts)
 A = Elapsed time spent in this place.
 B = Non-inter-level travel time spent in this place.
 C = Inter-level travel time spent in this place.
 D = Time resting spent in this place.
 E = Time spent auto-exploring this place.
 F = Levels seen in this place.
 G = Mean time per level.
                   A        B        C        D        E       F      G
               +--------+--------+--------+--------+--------+-----+--------+
         Total |   1029 |    952 |     77 |     49 |    679 |   2 |  514.5 |
       Dungeon |   1029 |    952 |     77 |     49 |    679 |   2 |  514.5 |
               +--------+--------+--------+--------+--------+-----+--------+

Top non-repeatable levels by time:
     D:1: 1024 daAuts
     D:2: 4 daAuts
